 Dungeon Crawl Stone Soup version 0.27.1 (webtiles) character file.

Game seed: 3505027488637843176

44 Kinoniko the Chopper (level 3, 0/31 HPs)
             Began as a Hill Orc Berserker on Sept 3, 2021.
             Was a Believer of Trog.
             Succumbed to an adder's poison
             ... on level 2 of the Dungeon.
             The game lasted 00:00:54 (1146 turns).

Kinoniko the Chopper (Hill Orc Berserker)           Turns: 1146, Time: 00:00:54

Health: 0/31       AC:  2    Str: 20    XL:     3   Next: 60%
Magic:  3/3        EV: 11    Int:  7    God:    Trog [**....]
Gold:   54         SH:  0    Dex: 10    Spells: 2/2 levels left

rFire    . . .     SeeInvis .   a - +0 hand axe
rCold    . . .     Faith    .   (no shield)
rNeg     . . .     Spirit   .   b - +0 animal skin
rPois    .         Reflect  .   (no helmet)
rElec    .         Harm     .   (no cloak)
rCorr    .         Rampage  .   (no gloves)
Will     .....                  (no boots)
Stlth    +.........             (no amulet)
HPRegen  0.10/turn              (no ring)
MPRegen  0.08/turn              (no ring)

@: lethally poisoned (0 -> -6), on berserk cooldown, slowed, very slow
A: no striking features
a: Renounce Religion, Berserk, Trog's Hand


You were on level 2 of the Dungeon.
You worshipped Trog.
Trog was pleased with you.
You visited 1 branch of the dungeon, and saw 2 of its levels.

You collected 54 gold pieces.

Inventory:

Hand Weapons
 a - a +0 hand axe (weapon)
Armour
 b - a +0 animal skin (worn)
Scrolls
 c - a scroll of teleportation {unknown}
 d - a scroll of identify {unknown}
 f - a scroll of enchant weapon {unknown}
Potions
 e - a potion of curing {unknown}
 g - 2 potions of haste {unknown}
 h - a potion of brilliance {unknown}


   Skills:
 - Level 3.6 Fighting
 * Level 5.4 Axes
 + Level 3.0 Armour
 - Level 1.5 Dodging


You had 2 spell levels left.
You didn't know any spells.
Your spell library was empty.

Dungeon Overview and Level Annotations

Branches:
Dungeon (2/15)

Altars:


Message History

You are too injured to fight recklessly!
You are too injured to fight recklessly!
Unknown command.
A red film seems to cover your vision as you go berserk!
You feel yourself moving faster!
You feel mighty!
You feel sick. The adder bites you.
* * * LOW HITPOINT WARNING * * *
You closely miss the adder.
You feel sick. The adder bites you.
* * * LOW HITPOINT WARNING * * *
You closely miss the adder.
You feel sick. The adder closely misses you.
You miss the adder.
You feel sick. The adder bites you.
* * * LOW HITPOINT WARNING * * *
You are lethally poisoned!
The adder poisons you!
You miss the adder.
* * * LOW HITPOINT WARNING * * *
You feel sick. The adder bites you.
* * * LOW HITPOINT WARNING * * *
You slash the adder!
You kill the adder!
Trog accepts your kill.
* * * LOW HITPOINT WARNING * * *
You feel sick.
Your Armour skill increases to level 3!
Unknown command.
You are too berserk!
There is a lethal amount of poison in your body!
There is a lethal amount of poison in your body!
There is a lethal amount of poison in your body!
* * * LOW HITPOINT WARNING * * *
You feel sick.
You feel a strong urge to attack something.
* * * LOW HITPOINT WARNING * * *
You feel sick.
* * * LOW HITPOINT WARNING * * *
You feel sick.
You feel your anger nearly subside.
You are no longer berserk.
You are exhausted.
You feel yourself slow down.
You die...

### .. # #.
#.##.##
#.....#
##.@####
##......#
.......##.#
####.#.##.#
#...##.#
#..###.#
#..###.#
#......#
##.#####


There were no monsters in sight!

Vanquished Creatures
  An adder (D:2)
  A worm (D:2)
  4 endoplasms (D:1)
  A giant cockroach (D:1)
  2 goblins (D:1)
  5 hobgoblins
  2 kobolds (D:1)
  A quokka (D:1)
  5 bats (D:1)
  3 frilled lizards (D:1)
  4 rats (D:1)
29 creatures vanquished.

Notes
Turn   | Place    | Note
-------+----------+-------------------------------------------
     0 | D:1      | Kinoniko the Hill Orc Berserker began the quest for the
                  | Orb.
     0 | D:1      | Reached XP level 1. HP: 19/19 MP: 1/1
    65 | D:1      | Found a faded altar of an unknown god.
    71 | D:1      | Reached XP level 2. HP: 26/26 MP: 2/2
   174 | D:1      | Reached ** piety under Trog
   422 | D:1      | Reached skill level 5 in Axes
   603 | D:1      | Reached XP level 3. HP: 22/31 MP: 3/3
  1144 | D:2      | HP: 2/46 [poisoned by an adder]
  1146 | D:2      | Succumbed to an adder's poison

Illustrated notes

Levels and vault maps discovered:
D:1:      wander_arrival_chamber, layout_basic,
          hellmonk_ecumenical_altar_slurped_away
D:2:      layout_loops_cross

Skill      XL: |  1  2  3 |
---------------+----------+-----
Axes           | 5 |  5.4
Armour         | 3 |  3.0
Fighting       | |  3.6
Dodging        | |  1.5

Action                   || total
-------------------------++-------
Melee: Hand axe          ||    82
Invok: Berserk           ||     2
 Stab: Sleeping          ||     1
Armor: Animal skin       ||    18
Dodge: Dodged            ||    48
